 Dungeon Crawl Stone Soup version 0.30.1-3-gfc49f6343a (webtiles) character file.

Game seed: 8549522168420889957

3075 arthad the Fighter (level 9, -5/60 HPs)
             Began as a Gargoyle Fighter on July 21, 2023.
             Slain by Maggie
             ... wielding a +0 glaive of distortion
              (12 damage)
             ... on level 7 of the Dungeon.
             The game lasted 00:13:09 (6028 turns).

arthad the Fighter (Gargoyle Fighter)               Turns: 6028, Time: 00:13:09

Health: -5/60      AC: 17    Str: 25    XL:     9   Next: 88%
Magic:  9/9        EV:  9    Int:  8    God:
Gold:   267        SH:  5    Dex:  9    Spells: 8/8 levels left

rFire   . . .        b - +9 sling "Kijun" {heavy, rC- rN++}
rCold   x . .        c - +0 buckler
rNeg    + + +        o - +0 scale mail
rPois   ∞            s - +1 helmet
rElec   +            C - scarf {+Inv}
rCorr   .            m - +0 pair of gloves
SInv    +            (no boots)
Will    .....        (no amulet) Stlth
                     P - ring of see invisible
HPRegen 0.30/turn    (no ring)
MPRegen 0.11/turn

%: no passive effects
@: mighty, mesmerised
A: sickness immunity, AC +6, negative energy resistance 1, electricity
resistance, torment resistance 1, petrification resistance
a: Evoke Invisibility


You were on level 7 of the Dungeon.
You visited 1 branch of the dungeon, and saw 7 of its levels.
You also visited: Sewer.

You collected 267 gold pieces.

Inventory:

Hand Weapons
 a - a +0 war axe
 b - the +9 sling "Kijun" (weapon) {heavy, rC- rN++}
   (You found it on level 2 of the Dungeon)

   rC:        It makes you vulnerable to cold.
   rN:        It greatly protects you from negative energy.
 z - a +0 whip of electrocution
 Q - a +4 quarterstaff of chaos
Missiles
 k - 5 atropa-tipped darts
 F - 10 poisoned darts
 H - a curare-tipped dart
Armour
 c - a +0 buckler (worn)
 m - a +0 pair of gloves (worn)
 o - a +0 scale mail (worn)
 r - a +0 helmet
 s - a +1 helmet (worn)
 C - a scarf of invisibility (worn)
 M - a +2 plate armour of poison resistance
Magical Staves
 B - a staff of death
Jewellery
 P - a ring of see invisible (left hand)
Wands
 K - a wand of quicksilver (5)
 O - a wand of flame (45)
Scrolls
 f - 2 scrolls of noise
 g - a scroll of magic mapping
 h - 5 scrolls of identify
 l - 4 scrolls of vulnerability
 n - a scroll of fog {unknown}
 p - a scroll of brand weapon {unknown}
 t - a scroll of summoning {unknown}
 v - a scroll of torment {unknown}
 y - a scroll of enchant weapon {unknown}
 A - a scroll of immolation {unknown}
 D - 3 scrolls of teleportation {unknown}
 E - a scroll of amnesia {unknown}
 J - 2 scrolls of poison {unknown}
 L - a scroll of fear {unknown}
 N - a scroll of enchant armour {unknown}
Potions
 d - a potion of might
 e - 8 potions of curing
 i - 5 potions of lignification {unknown}
 j - a potion of brilliance {unknown}
 q - 3 potions of haste {unknown}
 w - a potion of magic {unknown}
 x - a potion of attraction {unknown}
 G - 2 potions of cancellation {unknown}
 I - a potion of resistance {unknown}


   Skills:
 * Level 8.4 Fighting
 * Level 6.6 Axes
 * Level 5.7 Ranged Weapons
 + Level 6.2 Armour
 + Level 6.3 Shields


You had 8 spell levels left.
You didn't know any spells.
Your spell library contained the following spells:

 Spells                   Type           Power      Damage    Failure   Level
 Kiss of Death            Conj/Necr      0%         2d5       75%         1
 Confusing Touch          Hex            0%         N/A       98%         3
 Gell's Gravitas          Tloc           0%         N/A       98%         3
 Teleport Other           Tloc           0%         N/A       98%         3
 Dispel Undead            Necr           0%         3d6       100%        4
 Dispersal                Tloc           0%         N/A       100%        6


Dungeon Overview and Level Annotations

Branches:
Dungeon (7/15)             Temple (0/1) D:7           Sewer (visited)

Altars:
Ashenzari
Nemelex Xobeh

Shops:
D:3 [

Annotations:
D:7 Maggie


Innate Abilities, Weirdness & Mutations

You are immune to sickness and miasma.
Your stone body is resilient. (AC +6)
You are immune to poison.
You resist negative energy. (rN+)
You are resistant to electric shocks. (rElec)
You are resistant to unholy torment.
You are immune to petrification.


Message History

The bolt of fire hits you!
* * * LOW HITPOINT WARNING * * *
Maggie points at you and mumbles some strange words.
The bolt of fire hits you but does no damage.
It was a potion of curing.
You feel better. Maggie gestures at you while chanting.
The bolt of fire misses you. The steam dragon breathes steam at you.
The ball of steam hits you!
* * * LOW HITPOINT WARNING * * *
You cannot move away from Maggie!
Unknown command.
Fire: b) +9 sling "Kijun" {heavy, rC- rN++}
Press: ? - help, Q - select action, (/) - cycle Shift-Dir - straight line, f/p - Maggie
Aim: Maggie, wielding a +0 glaive of distortion and wearing +0 swamp dragon scales (steam, severely wounded, mesmerising, 72% to hit)
You shoot a sling bullet. The sling bullet hits Maggie.
Maggie is almost dead.
You are engulfed in a cloud of scalding steam.
Maggie is engulfed in a cloud of scalding steam.
Maggie points at you and mumbles some strange words.
The bolt of fire hits you.
* * * LOW HITPOINT WARNING * * *
Maggie is engulfed in a cloud of scalding steam.
Maggie gestures wildly while chanting.
Maggie draws you further into her thrall.
The steam dragon barely misses you.
The steam dragon claws you but does no damage.
You feel better.
You are engulfed in a cloud of scalding steam.
Maggie hits you from afar with a +0 glaive of distortion.
* * * LOW HITPOINT WARNING * * *
Space warps around you.
* * * LOW HITPOINT WARNING * * *
The steam dragon bites you but does no damage.
The steam dragon claws you but does no damage.
As you read the scroll labelled DEWNAY ALOTOU, it crumbles to dust.
It is a scroll of identify.
l - 4 scrolls of vulnerability Maggie hits you but does no damage.
Space warps horribly around you!
You die...

.........# ########.# #
####>####### ###
#..........#
..###.##.#####.#
#........#####.# ######
........[...#####⌠...⌠#
#####.##...##.§.#...).#.
###.##....).8.@D@>....
#.......###..§#§....#.
#.#.##)## #####⌠...⌠#
#.#.##)# #.########
#.#.##)#####.##.#
###.#...).........#
....####.########.#
.####....# #.### .#
#....# #...#


You could see Maggie (mesmerising) and a steam dragon.

Vanquished Creatures
  Grinder (D:4)
  Sigmund (D:6)
  2 steam dragons (D:7)
  2 water moccasins
  An ice beast (D:6)
  An orc warrior (D:6)
  A centaur (D:7)
  3 phantoms
  Blork the orc (D:5)
  2 kobold brigands
  A gnoll sergeant (D:7)
  A bullfrog (D:6)
  5 scorpions
  3 wights (D:7)
  4 hounds
  A jelly (D:5)
  6 orc priests
  Crazy Yiuf (D:6)
  4 iguanas
  8 orc wizards
  9 gnolls
  6 adders
  A shadow imp (D:6)
  A white imp (D:6)
  7 ufetubi
  2 worms (D:5)
  5 dart slugs
  28 orcs
  7 ball pythons
  10 bats
  5 endoplasms
  3 giant cockroaches
  12 goblins
  6 hobgoblins
  30 kobolds
  6 quokkas
  4 frilled lizards (D:1)
  5 rats
196 creatures vanquished.

Vanquished Creatures (others)
  An orc wizard (D:7)
1 creature vanquished.

Grand Total: 197 creatures vanquished

Notes
Turn   | Place    | Note
-------+----------+-------------------------------------------
     0 | D:1      | arthad the Gargoyle Fighter began the quest for the Orb.
     0 | D:1      | Reached XP level 1. HP: 14/14 MP: 1/1
    72 | D:1      | Reached XP level 2. HP: 16/19 MP: 2/2
   243 | D:1      | Found a faded altar of an unknown god.
   272 | D:1      | Reached XP level 3. HP: 22/24 MP: 3/3
   849 | D:2      | Reached skill level 4 in Fighting
   955 | D:2      | Identified the +9 sling "Kijun" {heavy, rC- rN++}
   983 | D:2      | Reached XP level 4. HP: 29/29 MP: 4/4
  1496 | D:2      | Reached XP level 5. HP: 31/33 MP: 5/5
  1729 | D:3      | Found Laschofy's Armour Shoppe.
  1776 | D:3      | Reached skill level 1 in Ranged Weapons
  2091 | D:4      | Reached XP level 6. HP: 30/40 MP: 6/6
  2354 | D:4      | Reached skill level 5 in Fighting
  2840 | D:4      | Noticed Grinder
  2841 | D:4      | Paralysed by Grinder for 4 turns
  2850 | D:4      | Killed Grinder
  2851 | D:4      | Reached XP level 7. HP: 37/44 MP: 7/7
  3097 | D:5      | Entered Level 5 of the Dungeon
  3110 | D:5      | Found a glowing drain.
  3134 | Sewer    | Entered a sewer
  3309 | Sewer    | Reached skill level 6 in Fighting
  3416 | D:5      | Found a broken altar of Ashenzari.
  3429 | D:5      | Noticed Blork the orc
  3435 | D:5      | Killed Blork the orc
  3436 | D:5      | Reached XP level 8. HP: 27/51 MP: 8/8
  3554 | D:5      | Reached skill level 5 in Shields
  3808 | D:5      | Reached skill level 5 in Armour
  4245 | D:6      | Noticed Sigmund
  4248 | D:6      | Reached skill level 5 in Axes
  4261 | D:6      | Killed Sigmund
  4372 | D:6      | Reached skill level 7 in Fighting
  4551 | D:6      | Reached XP level 9. HP: 31/57 MP: 9/9
  4705 | D:6      | Found a sparkling altar of Nemelex Xobeh.
  5053 | D:6      | Found a runed translucent door.
  5054 | D:6      | Noticed Crazy Yiuf
  5059 | D:6      | Killed Crazy Yiuf
  5384 | D:7      | Reached skill level 5 in Ranged Weapons
  5492 | D:7      | Reached skill level 8 in Fighting
  5962 | D:7      | Found a staircase to the Ecumenical Temple.
  6010 | D:7      | Noticed Maggie
  6028 | D:7      | Slain by Maggie

Illustrated notes

Levels and vault maps discovered:
D:1:      ldierk_walled_garden_2, layout_basic,
          nicolae_ecumenical_snake_handling, st_stairs_9
D:2:      layout_loops_corners
D:3:      layout_basic, serial_shops, nicolae_shop_pleasant_corner_grove,
          grunt_decor_one_mirror
D:4:      layout_loops_corners, uniq_grinder
D:5:      layout_loops_ring, mainiacjoe_overflow_brackets,
          cheibrodos_sewer_entry_sluice, chequers_serial_rivers_room_a,
          uniq_blork_the_orc
D:6:      kb_forest_paths, layout_basic, mainiacjoe_overflow_24_doors,
          uniq_crazy_yiuf_cottage, uniq_sigmund
D:7:      layout_loops_ring, minmay_temple_entry_antechambers, uniq_maggie

Skill      XL: |  1  2  3  4  5  6  7  8  9 |
---------------+----------------------------+-----
Axes           | 2 3 4 5 6 |  6.6
Fighting       | 4 5 6 7 8 |  8.4
Ranged Weapons | 1 2 4 5 |  5.7
Shields        | 4 5 6 |  6.3
Armour         | 4 5 6 |  6.2

Action                     |  1- 3 |  4- 6 |  7- 9 || total
---------------------------+-------+-------+-------++-------
  Melee: War axe           |    90 |     6 |    14 ||   110
   Fire: Sling             |     3 |   123 |   307 ||   433
  Evoke: Wand              |       |       |     1 ||     1
    Use: Scroll            |       |       |     3 ||     3
         Potion            |       |       |     5 ||     5
 Armour: Scale mail        |    58 |    64 |   252 ||   374
  Dodge: Dodged            |    63 |    52 |   153 ||   268
  Block: Buckler           |    28 |    30 |    89 ||   147
